 Dungeon Crawl Stone Soup version 0.29-a0-283-ga02f740833 (webtiles) character file.

Game seed: 13325991468465416747

2921 drugrobin the Cleaver (level 9, -8/74 HPs)
             Began as a Demigod Fighter on Mar 13, 2022.
             Mangled by Maggie
             ... wielding a +2 war axe of flaming
              (12 damage)
             ... on level 7 of the Dungeon.
             The game lasted 00:20:49 (9626 turns).

drugrobin the Cleaver (Demigod Fighter)             Turns: 9626, Time: 00:20:50

Health: -8/74      AC:  0    Str: 29    XL:     9   Next: 26%
Magic:  3/11       EV: 13    Int: 10    God:
Gold:   207        SH:  0    Dex: 13    Spells: 8/8 levels left

rFire   . . .      SeeInvis .   (weapon currently unavailable)
rCold   . . .      Faith    .   (shield currently unavailable)
rNeg    . . .      Spirit   .   (body armour currently unavailable)
rPois   .          Reflect  .   (helmet currently unavailable)
rElec   .          Harm     .   (cloak currently unavailable)
rCorr   .          Rampage  .   (gloves currently unavailable)
Will    .....                   (boots currently unavailable)
Stlth   +.........              (no amulet)
HPRegen 0.22/turn               (ring currently unavailable)
MPRegen 0.12/turn               (ring currently unavailable)

@: pig-form, hasted, very quick
A: fast, no casting, small, high MP 1, forlorn, divine attributes
a: no special abilities


You were on level 7 of the Dungeon.
You were a filthy swine.
You visited 1 branch of the dungeon, and saw 7 of its levels.

You collected 473 gold pieces.
You spent 266 gold pieces at shops.

Inventory:

Hand Weapons
 a - a +1 antimagic war axe (melded)
 b - a +0 hunting sling of freezing
 c - a +0 broad axe
 h - a +1 whip of flaming
Missiles
 g - 5 poisoned darts (quivered)
 x - 3 curare-tipped darts
Armour
 p - a +0 cloak (melded)
 r - a +1 helmet (melded)
 z - a +0 buckler (melded)
 A - a +0 kite shield
 E - a +0 pair of boots (melded)
 M - the +2 chain mail of the Summoning Gods (melded) {rN+ Slay+2}
   (You found it on level 6 of the Dungeon)

   Slay:      It affects your accuracy & damage with ranged weapons and melee
   (+2).
   rN:        It protects you from negative energy.
Magical Staves
 q - a staff of air
Jewellery
 s - a ring of resist corrosion (melded)
 u - a ring of flight
 J - a ring of poison resistance (melded)
Wands
 H - a wand of paralysis (6)
 K - a wand of flame (8)
Scrolls
 d - a scroll of enchant armour {unknown}
 f - 2 scrolls of brand weapon {unknown}
 i - 2 scrolls of acquirement {unknown}
 j - 7 scrolls of identify {unknown}
 l - 2 scrolls of magic mapping {unknown}
 v - 2 scrolls of noise {unknown}
 w - a scroll of immolation {unknown}
 y - 5 scrolls of fog {unknown}
 C - 3 scrolls of teleportation {unknown}
 I - a scroll of enchant weapon {unknown}
Potions
 e - 2 potions of curing
 k - 3 potions of invisibility {unknown}
 m - a potion of ambrosia {unknown}
 o - a potion of resistance {unknown}
 t - 3 potions of lignification {unknown}
 B - a potion of berserk rage {unknown}
 F - 3 potions of attraction
 L - a potion of brilliance {unknown}


   Skills:
 + Level 5.1 Fighting
 * Level 11.4 Axes
 - Level 2.6 Armour
 - Level 2.6 Shields


You had 8 spell levels left.
You didn't know any spells.
Your spell library contained the following spells:

 Spells                   Type           Power      Damage    Failure   Level
 Sandblast                Erth           0%         2d4       36%         1
 Passwall                 Tmut/Erth      0%         N/A       50%         2
 Dazzling Flash           Conj/Hex       0%         N/A       75%         3
 Stone Arrow              Conj/Erth      0%         3d7       75%         3
 Summon Guardian Golem    Hex/Summ       0%         N/A       75%         3
 Agony                    Necr           0%         N/A       100%        5
 Silence                  Hex/Air        0%         N/A       100%        5
 Orb of Destruction       Conj           0%         9d5       100%        7
 Spellforged Servitor     Conj/Summ      0%         N/A       100%        7
 Ignition                 Fire           0%         3d3       100%        8
 Chain Lightning          Conj/Air       0%         N/A       100%        9


Dungeon Overview and Level Annotations

Branches:
Dungeon (7/15)             Temple (0/1) D:6

Shops:
D:2 [   D:5 !

Annotations:
D:7 Maggie


Innate Abilities, Weirdness & Mutations

You are a filthy swine.
You move quickly.
Your equipment is almost entirely melded.
You are incapable of wielding weapons or throwing items.
You cannot cast spells.
You have an increased reservoir of magic. (+10% MP)
You shall have no god before yourself.
Your divine heritage dramatically boosts your attributes as you level up.


Message History

Unknown command.
Unknown command.
Press: ? - help, v - describe, . - travel, g - get item
Here: Maggie, wielding a +2 war axe of flaming, wearing +0 swamp dragon scales and carrying a wand of polymorph (6) (severely wounded, mesmerising, fast, magic disrupted) Item here: 2 curare-tipped darts.
The floor, spattered with blood.
Unknown command.
Unknown command.
Unknown command.
Unknown command.
Unknown command.
You hit Maggie.
Maggie is severely wounded.
Maggie falters for a moment.
Unknown command.
Unknown command.
Unknown command.
Unknown command.
You hit Maggie but do no damage.
Maggie is severely wounded.
Unknown command.
Unknown command.
You barely miss Maggie.
Maggie is severely wounded.
Maggie barely misses you.
Unknown command.
Unknown command.
You hit Maggie but do no damage.
Maggie is severely wounded.
You break out of your daze.
Maggie misses you.
Unknown command.
Unknown command.
Unknown command.
Unknown command.
Unknown command.
Okay, then.
Unknown command.
Maggie hits you with a +2 war axe of flaming!
You die...

#.....###....#
##...#####..##
###...##...#
##.....######
#K...K.....##
#..#......$..#
....####..#....#
.....
##.@......#
......
#..h....###
...............#
###..###..(..###
##.#### ###


You could see Maggie (fast, magic disrupted) and a kobold brigand.

Vanquished Creatures
  Pikel (D:7)
  Joseph (D:7)
  A yak (D:6)
  Menkaure (D:5)
  A water moccasin (D:6)
  An orc warrior (D:7)
  A black bear (D:6)
  2 sky beasts (D:6)
  2 ogres
  A centaur (D:6)
  A phantom (D:5)
  Blork the orc (D:6)
  2 necrophages
  A gnoll sergeant (D:6)
  2 scorpions
  2 hounds
  5 orc priests
  2 jellies
  An orc wizard (D:3)
  4 iguanas
  7 gnolls
  13 adders
  A white imp (D:6)
  5 worms
  6 dart slugs
  16 orcs
  12 ball pythons
  7 bats
  8 endoplasms
  4 giant cockroaches
  8 goblins
  10 hobgoblins
  8 jackals (D:3)
  6 quokkas
  2 frilled lizards
  7 kobolds
  6 rats
159 creatures vanquished.

Notes
Turn   | Place    | Note
-------+----------+-------------------------------------------
     0 | D:1      | drugrobin the Demigod Fighter began the quest for the Orb.
     0 | D:1      | Reached XP level 1. HP: 18/18 MP: 3/3
    58 | D:1      | Reached skill level 2 in Axes
   476 | D:1      | Reached XP level 2. HP: 25/25 MP: 4/4
  1267 | D:2      | Reached XP level 3. HP: 29/31 MP: 5/5
  1369 | D:2      | Reached skill level 3 in Axes
  1797 | D:2      | Found Bucyad's Armour Boutique.
  2328 | D:3      | Reached XP level 4. HP: 30/38 MP: 6/6
  2524 | D:3      | Reached skill level 4 in Axes
  2845 | D:3      | Reached XP level 5. HP: 45/45 MP: 7/7
  3295 | D:3      | Reached skill level 5 in Axes
  4110 | D:4      | Reached XP level 6. HP: 51/51 MP: 8/8
  4495 | D:4      | Reached skill level 6 in Axes
  4847 | D:4      | You are sucked into a shaft and drop 2 floors!
  5013 | D:6      | Reached skill level 7 in Axes
  5061 | D:6      | Reached XP level 7. HP: 57/57 MP: 9/9
  5442 | D:5      | Entered Level 5 of the Dungeon
  5611 | D:5      | Noticed Menkaure
  6337 | D:6      | Reached skill level 8 in Axes
  7492 | D:6      | Reached skill level 9 in Axes
  7492 | D:6      | Reached XP level 8. HP: 58/63 MP: 3/10
  7770 | D:5      | Killed Menkaure
  8144 | D:5      | Reached skill level 10 in Axes
  8218 | D:5      | Found Jirchemu's Distillery.
  8236 | D:5      | Bought a potion of heal wounds for 70 gold pieces
  8236 | D:5      | Bought a potion of degeneration for 14 gold pieces
  8236 | D:5      | Bought a potion of attraction for 42 gold pieces
  8236 | D:5      | Bought a potion of haste for 140 gold pieces
  8467 | D:6      | Noticed Blork the orc
  8521 | D:6      | Killed Blork the orc
  8582 | D:6      | Got the Tome of Damaging Heat
  8711 | D:6      | Found a staircase to the Ecumenical Temple.
  8719 | D:6      | Identified the +2 chain mail of the Summoning Gods {rN+
                  | Slay+2}
  9010 | D:7      | Noticed Pikel
  9022 | D:7      | Killed Pikel
  9023 | D:7      | Reached skill level 11 in Axes
  9023 | D:7      | Reached XP level 9. HP: 34/72 MP: 3/11
  9295 | D:7      | Noticed Joseph
  9389 | D:7      | Killed Joseph
  9390 | D:7      | Reached skill level 5 in Fighting
  9601 | D:7      | Noticed Maggie
  9621 | D:7      | HP: 3/74 [Maggie/+2 war axe of flaming (3)]
  9626 | D:7      | Mangled by Maggie

Illustrated notes

Levels and vault maps discovered:
D:1:      lightli_arrival_flooded_house, layout_loops_ring,
          hellmonk_ecumenical_altar_arch_garden
D:2:      layout_loops_ring, serial_shops, shop, minmay_tetromino_i4
D:3:      minmay_door_path, layout_loops_ring, kennysheep_generic_room_8
D:4:      minmay_diamond_boxcup, layout_loops_ring, minmay_crossroads
D:5:      layout_gridville, serial_shops, nicolae_shop_waterfront,
          chequers_serial_rivers_micro_e, minivault_5, uniq_menkaure
D:6:      layout_basic, minmay_temple_entry_hall, uniq_blork_the_orc
D:7:      layout_cave_pools, uniq_joseph, uniq_maggie, uniq_pikel

Skill      XL: |  1  2  3  4  5  6  7  8  9 |
---------------+----------------------------+-----
Axes           | 2 3 4 5 7 9 11 | 11.4
Fighting       | 3 4 5 |  5.1
Armour         | |  2.6
Shields        | |  2.6

Action                   |  1- 3 |  4- 6 |  7- 9 || total
-------------------------+-------+-------+-------++-------
Melee: War axe           |   116 |    21 |   163 ||   300
       Broad axe         |    35 |   228 |    38 ||   301
       Unarmed           |       |       |     7 ||     7
Throw: Dart              |     3 |    21 |    34 ||    58
Evoke: Wand              |       |       |     2 ||     2
  Use: Potion            |       |       |     6 ||     6
Armor: Scale mail        |    31 |       |       ||    31
       Chain mail        |    61 |   156 |    75 ||   292
Dodge: Dodged            |    57 |    80 |    57 ||   194
Block: Buckler           |    38 |    48 |    25 ||   111

Table legend: (Time is in decaauts)
 A = Elapsed time spent in this place.
 B = Non-inter-level travel time spent in this place.
 C = Inter-level travel time spent in this place.
 D = Time resting spent in this place.
 E = Time spent auto-exploring this place.
 F = Levels seen in this place.
 G = Mean time per level.
                   A        B        C        D        E       F      G
               +--------+--------+--------+--------+--------+-----+--------+
         Total |   9811 |   9629 |    182 |   3009 |   4064 |   7 | 1401.6 |
       Dungeon |   9811 |   9629 |    182 |   3009 |   4064 |   7 | 1401.6 |
               +--------+--------+--------+--------+--------+-----+--------+

Top non-repeatable levels by time:
     D:6: 2441 daAuts
     D:5: 1591 daAuts
     D:4: 1548 daAuts
     D:1: 1291 daAuts
     D:3: 1221 daAuts
     D:2: 1145 daAuts
     D:7: 572 daAuts
